 Dungeon Crawl Stone Soup version 0.30-a0-777-ga9a30cbeda (webtiles) character file.

Game seed: 3100165616078687729

2089 themarg the Stinger (level 9, -1/59 (61) HPs)
             Began as an Octopode Venom Mage on Feb 14, 2023.
             Slain by a wight
             ... wielding a +1 trident of freezing
              (8 damage)
             ... on level 7 of the Dungeon.
             The game lasted 00:27:53 (9287 turns).

themarg the Stinger (Octopode Venom Mage)           Turns: 9287, Time: 00:27:54

HP:   -1/59 (61)    AC:  1    Str:  8    XL:     9   Next: 27%
MP:   15/16         EV: 14    Int: 21    God:
Gold: 302           SH:  0    Dex: 12    Spells: 8/18 levels left

rFire   . . .      SeeInvis +    b - +2 dagger (holy)
rCold   . . .      Faith    .    (no shield)
rNeg    . . .      Spirit   .    (helmet restricted)
rPois   .          Reflect  .    (no amulet)
rElec   .          Harm     .    p - ring of flight
rCorr   .          Rampage  .    v - ring of see invisible
Will    .....                    (no ring)
Stlth   +++                      (no ring)
HPRegen 0.29/turn                (no ring)
MPRegen 0.15/turn                (no ring)
                                 (no ring)
                                 (no ring)

@: flying, lightly drained
A: almost no armour, amphibious, 8 rings, camouflage 1, gelatinous body 1,
(nimble swimmer 1), tentacles
a: no special abilities


You were on level 7 of the Dungeon.
You visited 2 branches of the dungeon, and saw 8 of its levels.

You collected 302 gold pieces.

Inventory:

Hand Weapons
 a - a +1 dagger of venom
 b - a +2 dagger of holy wrath (weapon)
 c - a +0 short sword
Missiles
 f - 4 poisoned darts
 i - 2 throwing nets
 s - 49 stones
 u - 5 boomerangs
 y - 6 javelins
Jewellery
 p - a ring of flight (left tentacle)
 v - a ring of see invisible (right tentacle)
Wands
 t - a wand of charming (8)
 E - a wand of roots (11)
Scrolls
 d - 3 scrolls of teleportation
 e - a scroll of blinking
 g - 2 scrolls of noise
 h - a scroll of immolation {unknown}
 k - a scroll of brand weapon {unknown}
 l - a scroll of torment {unknown}
 n - 2 scrolls of fear {unknown}
 w - a scroll of magic mapping {unknown}
 C - 2 scrolls of enchant weapon
 F - a scroll of silence {unknown}
Potions
 j - 4 potions of curing
 m - 2 potions of mutation
 o - 4 potions of degeneration
 q - 2 potions of berserk rage
 r - a potion of magic
 x - a potion of invisibility {unknown}
 z - a potion of lignification {unknown}
 A - 2 potions of brilliance
 B - a potion of might {unknown}
 D - 2 potions of attraction {unknown}


   Skills:
 - Level 5.0 Fighting
 - Level 2.0 Short Blades
 - Level 2.0 Throwing
 - Level 5.0 Dodging
 + Level 3.8 Stealth
 - Level 5.0 Spellcasting
 - Level 3.0 Conjurations
 - Level 1.0 Transmutations
 - Level 3.0 Air Magic
 + Level 1.3 Earth Magic
 - Level 7.0 Poison Magic
 - Level 2.0 Evocations


You had 8 spell levels left.
You knew the following spells:

 Your Spells              Type           Power      Damage    Failure   Level
a - Sting                 Tmut/Pois      88%        1d7       1%          1
b - Poisonous Vapours     Pois/Air       52%        N/A       1%          2
c - Mephitic Cloud        Conj/Pois/Air  23%        N/A       5%          3
d - Olgreb's Toxic Radia  Pois           34%        N/A       6%          4

Your spell library contained the following spells:

 Spells                   Type           Power      Damage    Failure   Level
 Foxfire                  Conj/Fire      44%        2x1d6     6%          1
 Slow                     Hex            20%        N/A       11%         1
 Stone Arrow              Conj/Erth      28%        3d8       14%         3
 Confusing Touch          Hex            5%         N/A       32%         3
 Gell's Gravitas          Tloc           5%         N/A       32%         3
 Teleport Other           Tloc           5%         N/A       32%         3
 Vampiric Draining        Necr           5%         2d6       32%         3
 Manifold Assault         Tloc           5%         N/A       71%         4
 Fireball                 Conj/Fire      5%         3d5       85%         5
 Dispersal                Tloc           2%         N/A       100%        6
 Starburst                Conj/Fire      5%         6d4       100%        6
 Disjunction              Tloc           2%         N/A       100%        8
 Lehudib's Crystal Spear  Conj/Erth      7%         10d3      100%        8
 Animate Armour           Summ/Erth      Unusable   N/A       N/A         4

Dungeon Overview and Level Annotations

Branches:
Dungeon (7/15)             Temple (1/1) D:6

Altars:
Cheibriados
Dithmenos
Elyvilon
Hepliaklqana
Nemelex Xobeh
Okawaru
Qazlal
Ru
Trog
Uskayaw
Xom
Yredelemnul
The Shining One

Shops:
D:3 :

Annotations:
D:6 2 transporters


Innate Abilities, Weirdness & Mutations

You cannot wear most types of armour.
You are amphibious.
You can wear up to eight rings at the same time.
Your skin changes colour to match your surroundings (Stealth+).
Your rubbery body absorbs attacks. (AC +1, EV +1)
((You are camouflaged when in or above water. (Stealth+)))
You have tentacles for arms and can constrict up to eight enemies at once.


Message History

You constrict the wight. The wight misses you.
You hit the wight.
The wight convulses.
You destroy the wight!
Things that are here:
a +0 morningstar; a +0 robe A wight comes into view.
It is wielding a +1 trident of freezing.
Found 10 gold pieces.
The wight moves out of view. 4 wights come into view.
A wight is wielding a +1 trident of freezing.
Things that are here:
a +0 morningstar; a +0 robe
Aiming: Sting (safe; 1% risk of failure)
Press: ? - help, Shift-Dir - straight line, f - wight
Aim: a wight, wielding a +1 trident of freezing and wearing a +0 robe (76% to hit)
The sting hits the wight but does no damage.
The wight hits you from afar with a +1 trident of freezing!
You feel drained. The wight freezes you.
The wight hits you with a +1 trident of freezing!
The wight freezes you.
You hit the wight but do no damage. Your grab misses the wight.
The wight hits you with a +1 trident of freezing!
The wight freezes you.
You hit the wight.
The wight convulses.
Your grab misses the wight.
The wight is moderately damaged.
The wight hits you with a +1 trident of freezing!
* * * LOW HITPOINT WARNING * * *
You feel drained.
* * * LOW HITPOINT WARNING * * *
The wight freezes you.
* * * LOW HITPOINT WARNING * * *
You hit the wight but do no damage. You grab the wight.
You squeeze the wight, but do no damage.
The wight is moderately damaged.
You constrict the wight, but do no damage.
The wight closely misses you.
You hit the wight but do no damage. You squeeze the wight.
The wight is heavily damaged.
You constrict the wight, but do no damage.
The wight hits you with a +1 trident of freezing!
You die...

.z #.................# # $z
#..###.#####.###### # ..######
#..###.#####.######### ....)..#
#...##...............#
######.#####....#######.#####....
##.<............# #.#####.#.#
#..###.######...# #.#.......[
#### #.# ####.########.....#.#.#
#.####....z@......##.#.#.#.#
#...##.##.#######)##.#.#.#.#
###.##.##.### #.##.#.....#
#.........# #.##.#.#.###
####.##.#.#####.##.#.#.#
#.##.#..............#
#.##.##.###.......#####
#.##...#....รท..........
#.#...###.##.##########


You could see a wight.

Vanquished Creatures
  Maggie (D:6)
  A wyvern (D:7)
  Menkaure (D:4)
  A water moccasin (D:7)
  An ice beast (D:7)
  A sky beast (D:5)
  2 ogres (D:6)
  3 black bears
  A centaur (D:5)
  2 phantoms
  A scorpion (D:5)
  A wight (D:7)
  3 killer bees (D:7)
  A howler monkey (D:6)
  2 hounds
  An orc priest (D:4)
  2 iguanas
  4 adders
  3 gnolls (D:2)
  A shadow imp (D:6)
  A white imp (D:6)
  2 ufetubi
  3 worms
  2 dart slugs
  7 orcs
  5 ball pythons
  7 bats
  3 endoplasms
  A giant cockroach (D:2)
  8 goblins
  11 hobgoblins
  3 jackals (D:2)
  4 kobolds
  2 quokkas
  4 frilled lizards
  5 rats
101 creatures vanquished.

Vanquished Creatures (others)
  An orc wizard (D:5)
  An orc (D:5)
2 creatures vanquished.

Grand Total: 103 creatures vanquished

Notes
Turn   | Place    | Note
-------+----------+-------------------------------------------
     0 | D:1      | themarg the Octopode Venom Mage began the quest for the
                  | Orb.
     0 | D:1      | Reached XP level 1. HP: 11/11 MP: 3/3
   243 | D:1      | Reached XP level 2. HP: 17/17 MP: 1/5
   246 | D:1      | Learned a level 2 spell: Poisonous Vapours
   637 | D:1      | Reached skill level 1 in Air Magic
   670 | D:1      | Reached skill level 4 in Poison Magic
   832 | D:1      | Found a faded altar of an unknown god.
  1134 | D:2      | Reached XP level 3. HP: 21/21 MP: 4/6
  2184 | D:2      | Reached XP level 4. HP: 27/27 MP: 0/8
  3008 | D:3      | Found Luotug's Book Shop.
  3153 | D:3      | Reached skill level 1 in Fighting
  3391 | D:3      | Reached skill level 1 in Conjurations
  3580 | D:3      | Learned a level 3 spell: Mephitic Cloud
  3968 | D:3      | Reached XP level 5. HP: 33/33 MP: 6/9
  4150 | D:4      | Noticed Menkaure
  4165 | D:4      | Noticed a black bear
  4473 | D:4      | Found a basalt altar of Yredelemnul.
  4674 | D:4      | Found a sacrificial altar of Ru.
  4915 | D:4      | Noticed a black bear
  5234 | D:4      | Killed a black bear
  5235 | D:4      | Reached XP level 6. HP: 39/39 MP: 1/10
  5452 | D:4      | Killed a black bear
  5587 | D:4      | Killed Menkaure
  5588 | D:4      | Reached XP level 7. HP: 13/45 MP: 12/12
  5828 | D:4      | Found a basalt altar of Yredelemnul.
  6116 | D:4      | Found a sacrificial altar of Ru.
  6137 | D:5      | Entered Level 5 of the Dungeon
  7436 | D:5      | Reached skill level 5 in Spellcasting
  7436 | D:5      | Reached XP level 8. HP: 42/52 MP: 15/15
  7627 | D:6      | Found a transporter.
  7744 | D:6      | Noticed Maggie
  7765 | D:6      | Killed Maggie
  7766 | D:6      | Reached skill level 5 in Dodging
  7766 | D:6      | Reached skill level 5 in Poison Magic
  7932 | D:6      | Reached skill level 6 in Poison Magic
  8095 | D:6      | Found a transporter.
  8366 | D:6      | Reached skill level 7 in Poison Magic
  8527 | D:6      | Reached skill level 1 in Evocations
  8640 | D:6      | Found a staircase to the Ecumenical Temple.
  8649 | Temple   | Entered the Ecumenical Temple
  8735 | D:7      | Reached skill level 1 in Throwing
  8745 | D:7      | Reached XP level 9. HP: 25/58 MP: 10/16
  8929 | D:7      | Reached skill level 5 in Fighting
  8960 | D:6      | Learned a level 4 spell: Olgreb's Toxic Radiance
  9147 | D:7      | Reached skill level 1 in Earth Magic
  9287 | D:7      | Slain by a wight

Illustrated notes

Levels and vault maps discovered:
D:1:      zelgadis_glass_arrival_small, layout_loops_ring,
          hellmonk_ecumenical_altar_prayer_group, grunt_decor_mini_mirrors
D:2:      layout_basic
D:3:      layout_basic, serial_shops, nicolae_diamond_shop, st_stairs_12
D:4:      layout_cave_pools, mainiacjoe_overflow_cross_hatched,
          nicolae_ru_path_of_blood, kennysheep_generic_room_15, uniq_menkaure
D:5:      cheibrodos_helix_gallery, layout_basic
D:6:      gammafunk_cloud_chamber, layout_basic, lemuel_temple_firewalk_b,
          minmay_misc_feat_columns, uniq_maggie
D:7:      layout_loops_ring, grunt_temple_overflow_magic_moments, zin_purify,
          kennysheep_small_spiral
Temple:   minmay_freezing_vapour_temple

Skill      XL: |  1  2  3  4  5  6  7  8  9 |
---------------+----------------------------+-----
Stealth        | 3 |  3.8
Air Magic      | 1 2 3 |  3.0
Poison Magic   | 4 7 |  7.0
Spellcasting   | 3 5 |  5.0
Fighting       | 1 2 3 5 |  5.0
Conjurations   | 1 2 3 |  3.0
Dodging        | 3 4 5 |  5.0
Short Blades   | 2 |  2.0
Evocations     | 2 |  2.0
Throwing       | 1 2 |  2.0
Earth Magic    | 1 |  1.3
Transmutations | |  1.0

Action                     |  1- 3 |  4- 6 |  7- 9 || total
---------------------------+-------+-------+-------++-------
  Melee: Unarmed           |    13 |       |       ||    13
         Constrict         |     8 |    10 |    16 ||    34
         Short sword       |    21 |    23 |       ||    44
         Tentacles         |     3 |    11 |    41 ||    55
         Dagger            |       |    14 |   119 ||   133
         Punch             |       |     1 |     2 ||     3
   Cast: Sting             |    28 |    17 |    25 ||    70
         Poisonous Vapours |    30 |    46 |    36 ||   112
         Mephitic Cloud    |       |     3 |    10 ||    13
         Olgreb's Toxic Ra |       |       |     1 ||     1
  Evoke: Wand              |       |       |     4 ||     4
    Use: Scroll            |       |     1 |     9 ||    10
   Stab: Confused          |       |     1 |     4 ||     5
 Armour: Skin              |     2 |     4 |     5 ||    11
  Dodge: Dodged            |    11 |    30 |    79 ||   120

Table legend: (Time is in decaauts)
 A = Elapsed time spent in this place.
 B = Non-inter-level travel time spent in this place.
 C = Inter-level travel time spent in this place.
 D = Time resting spent in this place.
 E = Time spent auto-exploring this place.
 F = Levels seen in this place.
 G = Mean time per level.
                   A        B        C        D        E       F      G
               +--------+--------+--------+--------+--------+-----+--------+
         Total |   9273 |   9048 |    225 |   1588 |   6402 |   8 | 1159.1 |
       Dungeon |   9241 |   9041 |    200 |   1588 |   6402 |   7 | 1320.1 |
        Temple |     31 |      6 |     25 |      0 |      0 |   1 |   31.0 |
               +--------+--------+--------+--------+--------+-----+--------+

Top non-repeatable levels by time:
     D:4: 1859 daAuts
     D:2: 1653 daAuts
     D:3: 1581 daAuts
     D:6: 1345 daAuts
     D:5: 1331 daAuts
     D:1: 1037 daAuts
     D:7: 431 daAuts
  Temple: 31 daAuts
